 Dungeon Crawl Stone Soup version 0.32-a0-913-g739538afd8 (webtiles) character file.

Game seed: 1680239816844816922

1145 jasper the Covert (level 8, -14/45 HPs)
             Began as a Deep Elf Enchanter on Apr 7, 2024.
             Was an Initiate of Dithmenos.
             Demolished by an ogre
             ... wielding a +0 giant club
              (26 damage)
             ... on level 6 of the Dungeon.
             The game lasted 00:08:12 (3815 turns).

jasper the Covert (Deep Elf Enchanter)              Turns: 3815, Time: 00:08:13

Health: -14/45     AC:  2    Str:  5    XL:     8   Next: 15%
Magic:  14/14      EV: 12    Int: 23    God:    Dithmenos [......]
Gold:   95         SH:  0    Dex: 21    Spells: 1/13 levels left

rFire   . . .        o - +1 dagger (flame)
rCold   . . .        (no shield)
rNeg    . . .        b - +0 robe
rPois   .            (no helmet)
rElec   .            (no cloak)
rCorr   .            (no gloves)
SInv    .            (no boots)
Will    .....        (no amulet)
Stlth   ++++         e - ring of wizardry
HPRegen 0.27/turn    d - +6 ring of dexterity
MPRegen 0.14/turn

%: wizardry (x1)
@: slowed, very slow
A: no striking features
a: Renounce Religion


You were on level 6 of the Dungeon.
You worshipped Dithmenos.
Dithmenos was noncommittal.
You visited 2 branches of the dungeon, and saw 7 of its levels.

You collected 264 gold pieces.
You spent 169 gold pieces at shops.

Inventory:

Hand Weapons
 a - a +2 dagger
 l - a +2 whip of venom
 o - a +1 dagger of flaming (weapon)
Missiles
 p - 6 poisoned darts
Armour
 b - a +0 robe (worn)
 m - an orb of energy
Jewellery
 d - a +6 ring of dexterity (right hand)
 e - a ring of wizardry (left hand)
Scrolls
 c - a scroll of teleportation {unknown}
 f - 2 scrolls of immolation
 n - a scroll of blinking {unknown}
 q - a scroll of fear
 r - a scroll of revelation
 t - a scroll of identify
Potions
 g - a potion of heal wounds {unknown}
 h - 5 potions of curing
 i - a potion of mutation
 j - 2 potions of degeneration {unknown}
 k - a potion of might {unknown}
 s - a potion of cancellation {unknown}


   Skills:
 + Level 2.8 Fighting
 * Level 6.5 Short Blades
 - Level 2.4 Dodging
 + Level 8.1 Stealth
 - Level 3.0 Spellcasting
 - Level 5.0 Hexes
 + Level 0.8 Air Magic


You had one spell level left.
You knew the following spells:

 Your Spells              Type           Power      Damage    Failure   Level
a - Confusing Touch       Hex            26%        N/A       1%          3
b - Tukima's Dance        Hex            26%        N/A       1%          3
c - Dazzling Flash        Conj/Hex       28%        N/A       4%          3
d - Swiftness             Air            7%         N/A       11%         3

Your spell library contained the following spells:

 Spells                   Type           Power      Damage    Failure   Level
 Shock                    Conj/Air       20%        1d4       4%          1
 Ensorcelled Hibernation  Hex/Ice        28%        N/A       2%          2
 Airstrike                Air            3%         2d(1-17)  32%         4
 Summon Forest            Summ/Tloc      1%         N/A       75%         5
 Eringya's Noxious Bog    Alch           1%         4d6       99%         6
 Summon Hydra             Summ           1%         N/A       100%        7


Dungeon Overview and Level Annotations

Branches:
Dungeon (6/15)             Temple (1/1) D:5

Altars:
Ashenzari
Cheibriados
Dithmenos
Elyvilon
Fedhas
Gozag
Hepliaklqana
Kikubaaqudgha
Makhleb
Nemelex Xobeh
Okawaru
Qazlal
Ru
Sif Muna
Trog
Uskayaw
Vehumet
Wu Jian
Xom
Yredelemnul
Zin
The Shining One

Shops:
D:4 !   D:5 =*

Annotations:
D:5 1 runed translucent door, jasper's ghost, novice GrEE


Message History

You catch the helpless jelly completely off-guard!
You impale the jelly!! You burn the jelly.
You kill the jelly!
Dithmenos accepts your kill.
You start resting.
You are no longer corroded.
You regained 4 hp, and now have 27/45 hp.
You regained 2 mp, and now have 13/14 mp.
You start resting.
Magic restored.
MP restored: 14 A kobold brigand is nearby!
You regained 9 hp, and now have 37/45 hp.
A kobold brigand is nearby!
The kobold brigand shouts!
The kobold brigand throws a curare-tipped dart.
The curare-tipped dart hits you.
You are poisoned.
You have difficulty breathing.
You feel yourself slow down.
You take 10 damage, and have 27/45 hp.
MASSIVE DAMAGE!!
You feel very sick.
You take 5 damage, and have 22/45 hp.
An ogre comes into view. It is wielding a +0 giant club.
You feel very sick.
The ogre shouts!
You take 3 damage, and have 19/45 hp.
You feel very sick.
You take 3 damage, and have 16/45 hp.
You feel sick.
You take 1 damage, and have 15/45 hp.
You feel sick.
You take 1 damage, and have 14/45 hp.
You feel sick.
You take 1 damage, and have 13/45 hp.
You feel sick.
You are no longer poisoned.
The ogre attacks as it pursues you!
The ogre hits you with a +0 giant club!!
Ouch! That really hurt!
You die...

########## #........#
####........# #
#.....K.....##.####
###.###..####K.......
#######...##..###..........
##.......###..###..#........
...#.............O.#........
.....#..........@...........
#..###.).....<..............
............................
##..#...................####
.##.....................#
..##....).............#.#
#...)...............###.#
....#..............##
..).#........##.####


You could see a kobold brigand and an ogre.

Vanquished Creatures
  Grinder (D:3)
  A wraith (D:5)
  A yak (D:5)
  An ice beast (D:5)
  A black bear (D:4)
  A scorpion (D:5)
  A howler monkey (D:5)
  2 hounds
  A jelly (D:6)
  3 orc priests (D:5)
  An orc wizard (D:5)
  4 gnolls (D:4)
  4 adders
  A shadow imp (D:5)
  2 ribbon worms
  3 dart slugs
  21 orcs
  4 endoplasms
  3 giant cockroaches
  2 hobgoblins (D:4)
  2 jackals (D:4)
  10 kobolds
  A quokka (D:5)
  4 ball pythons
  3 bats
  2 frilled lizards (D:3)
  2 goblins
  4 rats
86 creatures vanquished.

Vanquished Creatures (collateral kills)
  A kobold (D:5)
1 creature vanquished.

Grand Total: 87 creatures vanquished

Notes
Turn   | Place    | Note
-------+----------+-------------------------------------------
     0 | D:1      | jasper the Deep Elf Enchanter began the quest for the Orb.
     0 | D:1      | Reached XP level 1. HP: 10/10 MP: 6/6
   238 | D:1      | Reached skill level 4 in Stealth
   400 | D:1      | Reached XP level 2. HP: 15/15 MP: 8/8
   729 | D:3      | Noticed Grinder
   743 | D:3      | Killed Grinder
   744 | D:3      | Reached skill level 6 in Stealth
   744 | D:3      | Reached XP level 3. HP: 13/19 MP: 9/9
   744 | D:3      | Reached XP level 4. HP: 17/24 MP: 10/10
   744 | D:3      | Reached XP level 5. HP: 20/28 MP: 11/11
   748 | D:3      | Learned a level 3 spell: Confusing Touch
   752 | D:3      | Learned a level 3 spell: Tukima's Dance
   756 | D:3      | Learned a level 3 spell: Dazzling Flash
   756 | D:3      | Found a snail-covered altar of Cheibriados.
  1503 | D:4      | Noticed a black bear
  1556 | D:4      | Reached XP level 6. HP: 17/32 MP: 6/12
  1797 | D:4      | Reached skill level 5 in Hexes
  1970 | D:4      | Found Ytionob's Distillery.
  1980 | D:4      | Bought 2 potions of curing for 66 gold pieces
  1980 | D:4      | Bought a potion of curing for 33 gold pieces
  2115 | D:4      | Reached skill level 1 in Fighting
  2243 | D:5      | Entered Level 5 of the Dungeon
  2328 | D:5      | Reached skill level 7 in Stealth
  2388 | D:5      | Reached XP level 7. HP: 11/38 MP: 4/13
  2608 | D:5      | Reached skill level 5 in Short Blades
  2718 | D:5      | Found a staircase to the Ecumenical Temple.
  2723 | D:5      | Found With's Jewellery Shoppe.
  2725 | Temple   | Entered the Ecumenical Temple
  2759 | Temple   | Became a worshipper of Dithmenos the Shadowed
  2822 | D:5      | Found Goetz's General Store.
  2822 | D:5      | Noticed a yak
  2822 | D:5      | Noticed a wraith
  2827 | D:5      | Killed a yak
  2830 | D:5      | Killed a wraith
  2852 | D:5      | Bought a scroll of fear for 40 gold pieces
  2852 | D:5      | Bought a potion of curing for 30 gold pieces
  3123 | D:5      | Reached skill level 8 in Stealth
  3123 | D:5      | Reached XP level 8. HP: 45/45 MP: 10/14
  3249 | D:5      | Learned a level 3 spell: Swiftness
  3367 | D:5      | Found a runed translucent door.
  3367 | D:5      | Noticed jasper's ghost (novice GrEE)
  3815 | D:6      | Demolished by an ogre

Illustrated notes

Levels and vault maps discovered:
D:1:      eino_arrival_cavern_e, layout_basic
D:2:      layout_basic, minmay_unequal, uniq_terence
D:3:      layout_loops_cross, cheibriados_altar_1, uniq_grinder
D:4:      layout_rooms, serial_shops, shop, amcnicky_mini_pool_small
D:5:      layout_basic, minmay_temple_entry_statues_pillars,
          ebering_ghost_sewer_d, minmay_misc_feat_tiny, kennysheep_diamond,
          minmay_shop_enchanted_jewellery
D:6:      layout_rooms
Temple:   compressed_dpeg_circular_temple

Skill      XL: |  1  2  3  4  5  6  7 |
---------------+----------------------+-----
Stealth        | 4 6 7 8 |  8.1
Short Blades   | 4 6 |  6.5
Hexes          | 5 |  5.0
Fighting       | 1 2 |  2.8
Dodging        | |  2.4
Spellcasting   | |  3.0
Air Magic      | |  0.8

Action                     |  1- 3 |  4- 6 |  7- 9 || total
---------------------------+-------+-------+-------++-------
  Melee: Dagger            |    49 |   113 |   103 ||   265
  Throw: Throwing net      |       |       |     1 ||     1
   Cast: Confusing Touch   |       |    12 |    12 ||    24
         Dazzling Flash    |       |     5 |     4 ||     9
         Tukima's Dance    |       |       |     2 ||     2
    Use: Scroll            |     5 |     1 |       ||     6
         Potion            |     1 |     1 |     1 ||     3
   Stab: Sleeping          |     9 |     7 |     5 ||    21
         Invisible         |     2 |     6 |     1 ||     9
         Confused          |       |    10 |    10 ||    20
         Distracted        |       |       |     1 ||     1
 Armour: Robe              |    25 |    49 |    37 ||   111
  Dodge: Dodged            |    31 |    66 |    38 ||   135

Table legend: (Time is in decaauts)
 A = Elapsed time spent in this place.
 B = Non-inter-level travel time spent in this place.
 C = Inter-level travel time spent in this place.
 D = Time resting spent in this place.
 E = Time spent auto-exploring this place.
 F = Levels seen in this place.
 G = Mean time per level.
                   A        B        C        D        E       F      G
               +--------+--------+--------+--------+--------+-----+--------+
         Total |   3758 |   3544 |    214 |    436 |   2257 |   7 |  536.9 |
       Dungeon |   3689 |   3541 |    148 |    436 |   2257 |   6 |  614.8 |
        Temple |     68 |      2 |     66 |      0 |      0 |   1 |   68.0 |
               +--------+--------+--------+--------+--------+-----+--------+

Top non-repeatable levels by time:
     D:5: 1296 daAuts
     D:4: 785 daAuts
     D:3: 747 daAuts
     D:1: 522 daAuts
     D:6: 174 daAuts
     D:2: 162 daAuts
  Temple: 68 daAuts
